 Dungeon Crawl Stone Soup version 0.26-a0-646-g5d7718319a (webtiles) character file.

Game seed: 11113885204056933727

32 DogServant the Insei (level 3, -2/29 HPs)
             Began as a Draconian Transmuter on Sept 24, 2020.
             Slain by an orc wizard
             ... wielding a +0 dagger
              (4 damage)
             ... on level 2 of the Dungeon.
             The game lasted 00:02:22 (1137 turns).

DogServant the Insei (Draconian Transmuter)         Turns: 1137, Time: 00:02:22

Health: -2/29      AC:  5    Str: 14    XL:     3   Next: 8%
Magic:  6/6        EV: 12    Int: 15    God:
Gold:   44         SH:  0    Dex: 14    Spells: 5/6 levels left

rFire    . . .     SeeInvis .     - Unarmed
rCold    . . .     Faith    .   (no shield)
rNeg     . . .     Spirit   .   (armour unavailable)
rPois    +         Reflect  .   (helmet restricted)
rElec    .         Harm     .   (no cloak)
rCorr    .         Rampage  .   (no gloves)
MR       .....                  (no boots)
Stlth    +.........             (no amulet)
HPRegen  0.09/turn              (no ring)
MPRegen  0.10/turn              (no ring)

@: lethally poisoned (-2 -> -6), flying
A: unfitting armour, agile 1, clever 1, poison resistance, strong 1,
cold-blooded, AC +5
a: no special abilities


You were on level 2 of the Dungeon.
You visited 1 branch of the dungeon, and saw 2 of its levels.

You collected 44 gold pieces.

You aren't carrying anything.


   Skills:
 + Level 2.0 Fighting
 - Level 1.7 Dodging
 + Level 3.4 Unarmed Combat
 - Level 2.0 Spellcasting
 + Level 2.6 Transmutations


You had 5 spell levels left.
You knew the following spells:

 Your Spells              Type           Power        Failure   Level
a - Beastly Appendage     Tmut           #.....       8%          1

Your spell library contained the following spells:

 Spells                   Type           Power        Failure   Level
 Wereblood                Tmut           #.......     12%         2
 Spider Form              Tmut/Pois      #.........   36%         3
 Ice Form                 Ice/Tmut       #.......     78%         4
 Blade Hands              Tmut           #.........   91%         5


Dungeon Overview and Level Annotations

Branches:
Dungeon (2/15)

Altars:

Annotations:
D:2 Jessica


Innate Abilities, Weirdness & Mutations

Your plain brown scales are hard. (AC +5)
You cannot fit into any form of body armour.
You are cold-blooded and may be slowed by cold attacks.
You are agile. (Dex +2)
Your mind is acute. (Int +2)
Your system is resistant to poisons. (rPois)
Your muscles are strong. (Str +2)


Message History

The weapon returns to the orc!
An orc comes into view.
It is wielding a +2 flail of holy wrath.
An orc wizard comes into view. It is wielding a +0 dagger.
An orc priest comes into view. It is wielding a +2 dagger of draining.
Found a club.
Unknown command.
As you read the scroll labeled IDEUVOTZ USED, it crumbles to dust.
The scroll dissolves into smoke.
It was a scroll of fog.
* * * LOW HITPOINT WARNING * * *
You feel sick.
As you read the scroll labeled NARRID DUVI, it crumbles to dust.
It is a scroll of identify.
You don't have any unidentified items.
The leopard gecko misses you.
You miss the leopard gecko.
The leopard gecko bites you but does no damage.
You completely miss the leopard gecko. The leopard gecko bites you.
* * * LOW HITPOINT WARNING * * *
The orc wizard hits you with a +0 dagger.
You die...

#.# #.# .o...# #.#
o....# .(.... #.#
o.o..# ......# #.#
#o..#.# ....... #.#
§.§...# ##..... #.#
§o..... .......
#.####o§..### .....>.
#.#§§@l@.....
.......##.##§####@.).
#..†...§§# .
#####.#### ...# #####


You could see an orc wizard, Jessica, an orc and a leopard gecko.

Vanquished Creatures
  An adder (D:2)
  2 dart slugs (D:1)
  A ball python (D:1)
  2 goblins (D:1)
  4 kobolds
  5 bats
  3 frilled lizards (D:1)
  2 rats (D:1)
20 creatures vanquished.

Notes
Turn   | Place    | Note
-------+----------+-------------------------------------------
     0 | D:1      | DogServant the Draconian Transmuter began the quest for the
                  | Orb.
     0 | D:1      | Reached XP level 1. HP: 16/16 MP: 3/3
   229 | D:1      | Reached XP level 2. HP: 14/23 MP: 5/5
  1125 | D:2      | Reached XP level 3. HP: 8/29 MP: 4/6
  1127 | D:2      | Gained mutation: Your system is resistant to poisons.
                  | (rPois) [potion of mutation]
  1127 | D:2      | Gained mutation: Your mind is acute. (Int +2) [potion of
                  | mutation]
  1127 | D:2      | Gained mutation: You are agile. (Dex +2) [potion of
                  | mutation]
  1127 | D:2      | Gained mutation: Your muscles are strong. (Str +2) [potion
                  | of mutation]
  1130 | D:2      | Noticed Jessica
  1137 | D:2      | Slain by an orc wizard

Illustrated notes

Levels and vault maps discovered:
D:1:      noname_arrival_rooms_in_the_neighbourhood, layout_basic
D:2:      cheibrodos_pilgrimage, layout_basic, minmay_split_cup_small,
          uniq_jessica

Skill      XL: |  1  2 |
---------------+-------+-----
Fighting       | 2 |  2.0
Dodging        | |  1.7
Unarmed Combat | |  3.4
Spellcasting   | |  2.0
Transmutations | |  2.6

Action                   || total
-------------------------++-------
Melee: Unarmed           ||    61
       Tailslap          ||     6
       Kick              ||     4
       Headbutt          ||     2
       Punch             ||     1
 Cast: Beastly Appendage ||     5
  Use: Scroll            ||     2
       Potion            ||     2
Armor: Skin              ||    27
Dodge: Dodged            ||    47

Table legend: (Time is in decaauts)
 A = Elapsed time spent in this place.
 B = Non-inter-level travel time spent in this place.
 C = Inter-level travel time spent in this place.
 D = Time resting spent in this place.
 E = Time spent auto-exploring this place.
 F = Levels seen in this place.
 G = Mean time per level.
                   A        B        C        D        E       F      G
               +--------+--------+--------+--------+--------+-----+--------+
         Total |   1133 |   1122 |     11 |    327 |    653 |   2 |  566.5 |
       Dungeon |   1133 |   1122 |     11 |    327 |    653 |   2 |  566.5 |
               +--------+--------+--------+--------+--------+-----+--------+

Top non-repeatable levels by time:
     D:1: 1025 daAuts
     D:2: 108 daAuts
